 Dungeon Crawl Stone Soup version 0.30-a0-862-g1aabd4f9c5 (webtiles) character file.

Game seed: 11565445181852030993

8393 oldriver the Fighter (level 11, 0/78 HPs)
             Began as a Gargoyle Chaos Knight on Mar 8, 2023.
             Was a Plaything of Xom.
             Slain by a torpor snail (5 damage)
             ... on level 1 of the Lair of Beasts.
             The game lasted 00:13:53 (7811 turns).

oldriver the Fighter (Gargoyle Chaos Knight)        Turns: 7811, Time: 00:13:54

Health: 0/78       AC: 20    Str: 20    XL:     11   Next: 30%
Magic:  11/11      EV: 10    Int: 13    God:    Xom [*.....]
Gold:   342        SH:  5    Dex:  9    Spells: 10/10 levels left

rFire   . . .      SeeInvis .    m - +6 hand axe (venom)
rCold   . . .      Faith    .    (no shield)
rNeg    + + .      Spirit   .    h - +5 ring mail
rPois   ∞          Reflect  +    (no helmet)
rElec   +          Rampage  .    (no cloak)
rCorr   .                        (no gloves)
Will    .....                    B - +0 pair of boots Stlth
                                 p - amulet of reflection
HPRegen 0.33/turn                o - ring of positive energy
MPRegen 0.12/turn                (no ring)

@: slowed, very slow
A: sickness immunity, AC +8, negative energy resistance 1, electricity
resistance, torment resistance 1, petrification resistance
a: Renounce Religion


You were on level 1 of the Lair of Beasts.
You worshipped Xom.
You were a special plaything of Xom.
You visited 2 branches of the dungeon, and saw 9 of its levels.

You collected 457 gold pieces.
You spent 115 gold pieces at shops.

Inventory:

Hand Weapons
 m - a +6 hand axe of venom (weapon)
 n - a +0 heavy hand axe
 E - a +2 club of chaos
Missiles
 r - 12 poisoned darts
 y - a throwing net
 D - 2 curare-tipped darts
Armour
 a - a +3 ring mail of cold resistance
 b - a +2 leather armour
 h - a +5 ring mail (worn)
 s - the +1 leather armour "Cedghu Yr Awn" {*Corrode Will+ Regen+}
   (Xom gifted it to you on level 4 of the Dungeon)

   Regen:     It increases your rate of health regeneration.
   *Corrode:  It may corrode you when you take damage.
   Will:      It increases your willpower.
 B - a +0 pair of boots (worn)
 G - the +3 crystal plate armour of the Tuna {rC+ Int+3 Stlth+}
   (Xom gifted it to you on level 1 of the Lair of Beasts)

   Int:       It affects your intelligence (+3).
   rC:        It protects you from cold.
   Stlth:     It makes you more stealthy.
Jewellery
 f - a ring of fire
 o - a ring of positive energy (left hand)
 p - an amulet of reflection (around neck)
 v - a +6 ring of intelligence
 C - an amulet of magic regeneration
Scrolls
 e - a scroll of blinking
 j - a scroll of fear
 t - 2 scrolls of amnesia
 z - a scroll of teleportation
Potions
 d - 2 potions of degeneration
 g - 3 potions of brilliance
 i - 4 potions of lignification
 k - 6 potions of heal wounds
 l - 3 potions of attraction
 q - 2 potions of curing
 u - a potion of ambrosia {unknown}
 w - 2 potions of berserk rage
 x - a potion of resistance {unknown}
 A - 2 potions of mutation
Miscellaneous
 c - a piece from Xom's chessboard (6/15) (quivered)


   Skills:
 + Level 13.6 Fighting
 * Level 10.2(10.6) Axes
 - Level 4.5(8.0) Polearms
 + Level 3.8 Armour
 - Level 1.0 Dodging


You had 10 spell levels left.
You didn't know any spells.
Your spell library contained the following spells:

 Spells                   Type           Power      Damage    Failure   Level
 Blink                    Tloc           0%         N/A       58%         2
 Lesser Beckoning         Tloc           0%         N/A       58%         2
 Momentum Strike          Conj/Tloc      0%         3d8       58%         2


Dungeon Overview and Level Annotations

Branches:
Dungeon (8/15)             Temple (0/1) D:4            Lair (1/5) D:8

Altars:
Ashenzari
Gozag
Yredelemnul

Shops:
D:6 ?

Annotations:
D:7 3 runed translucent doors, juan097's ghost, novice OpBr
D:8 3 runed translucent doors, Ghostmaker01's ghost, novice MiFi


Innate Abilities, Weirdness & Mutations

You are immune to sickness and miasma.
Your stone body is resilient. (AC +8)
You are immune to poison.
You resist negative energy. (rN+)
You are resistant to electric shocks. (rElec)
You are resistant to unholy torment.
You are immune to petrification.


Message History

You kill the dream sheep!
You closely miss the dream sheep.
The dream sheep bites you but does no damage.
You hit the torpor snail.
The torpor snail is poisoned.
The torpor snail is lightly wounded.
You barely miss the dream sheep. The dream sheep barely misses you.
The torpor snail bites you.
You slash the torpor snail!
The torpor snail is lightly wounded.
You hit the dream sheep.
The dream sheep is poisoned.
The dream sheep bites you!
The torpor snail bites you but does no damage.
You slash the dream sheep!
The dream sheep looks as sick as possible!
The dream sheep is severely wounded.
You hit the torpor snail. "Hum-dee-hum-dee-hum..."
The torpor snail flickers and vanishes!
Deactivating autopickup; reactivate with Ctrl-A.
You kill the dream sheep!
No target in view!
No target in view!
No target in view!
You barely miss something. Something bites you.
You barely miss something. Something bites you.
You slash something! You block something's attack.
You hit something but do no damage. Something bites you.
You hit something. You hit something. Something bites you but does no damage.
You hit something but do no damage. Something bites you!
You hit something but do no damage. Something bites you.
You hit something. Something bites you.
You hit something but do no damage. You hit something. Something bites you!
* * * LOW HITPOINT WARNING * * *
You hit something. Something bites you.
* * * LOW HITPOINT WARNING * * *
You barely miss something. Something bites you.
You die... "I guess I need a new plaything now."

#. ..... #. # ##..... ##
#.######.#..... #
#.............. ##
#.............. . ##.
#.............. ..#..
#.....{†....... .....
#..####@#..#.. .....
##..#........... .....
#.?.#.......#... ###.#
#..P.......# .....
#..........#. .........
#..#.......... +........
##..#.......#...#........
#...........#...#........
##..#.......#...+....$...


There were no monsters in sight!

Vanquished Creatures
  A two-headed ogre (D:8)
  A cyclops (D:8)
  A black mamba (Lair:1)
  Joseph (D:8)
  2 cane toads (Lair:1)
  A komodo dragon (Lair:1)
  A rime drake (Lair:1)
  A hornet (D:8)
  3 dream sheep (Lair:1)
  A basilisk (Lair:1)
  3 yaks (D:6)
  A water moccasin (D:5)
  5 ice beasts
  A black bear (D:5)
  2 wolves (Lair:1)
  4 centaurs
  A phantom (D:4)
  5 bullfrogs
  3 kobold brigands
  6 scorpions
  A water moccasin zombie (D:6)
  10 wights
  2 bullfrog zombies (D:6)
  2 centaur zombies (D:6)
  A hound (D:7)
  An orc priest (D:6)
  A sleepcap (D:5)
  4 iguanas
  An orc wizard (D:6)
  2 killer bee zombies (D:6)
  6 gnolls (D:6)
  9 adders
  2 shadow imps
  3 dart slugs
  15 orcs
  5 bats
  7 endoplasms
  4 giant cockroaches
  6 goblins
  6 hobgoblins
  13 jackals
  23 kobolds
  A quokka (D:1)
  6 ball pythons
  3 frilled lizards
  3 rats
181 creatures vanquished.

Vanquished Creatures (collateral kills)
  A torpor snail (Lair:1)
  3 dream sheep (Lair:1)
  A yak (D:6)
  4 wolves (Lair:1)
  A wight (D:6)
  An orc priest (D:3)
  3 orcs (D:3)
14 creatures vanquished.

Vanquished Creatures (others)
  4 fungi (Lair:1)
  3 plants (Lair:1)
7 creatures vanquished.

Grand Total: 202 creatures vanquished

Notes
Turn   | Place    | Note
-------+----------+-------------------------------------------
     0 | D:1      | oldriver the Gargoyle Chaos Knight began the quest for the
                  | Orb.
     0 | D:1      | Reached XP level 1. HP: 14/14 MP: 1/1
     5 | D:1      | XOM: divination: detect creatures
    17 | D:1      | XOM: silly message
   121 | D:1      | XOM: 9-stop teleportation journey
   167 | D:1      | Reached XP level 2. HP: 19/19 MP: 2/2
   330 | D:1      | XOM: divination: detect items
   575 | D:1      | Reached XP level 3. HP: 24/24 MP: 3/3
  1131 | D:2      | Reached skill level 4 in Fighting
  1172 | D:2      | Reached XP level 4. HP: 29/29 MP: 4/4
  1616 | D:3      | XOM: summons 2 friendly demons
  1632 | D:3      | Reached XP level 5. HP: 17/34 MP: 5/5
  2274 | D:3      | Reached skill level 1 in Axes
  2545 | D:4      | Noticed a phantom
  2558 | D:4      | XOM: cleaving
  2565 | D:4      | Killed a phantom
  2566 | D:4      | Reached XP level 6. HP: 23/40 MP: 6/6
  2627 | D:4      | XOM: god gift: jasper-studded leather armour {god gift}
  2627 | D:4      | Identified the +1 leather armour "Cedghu Yr Awn" {*Corrode
                  | Will+ Regen+} (Xom gifted it to you on level 4 of the
                  | Dungeon)
  2849 | D:4      | XOM: summons 4 hostile demons
  2897 | D:4      | XOM: chaos upgrade
  3042 | D:4      | Found a staircase to the Ecumenical Temple.
  3278 | D:5      | Entered Level 5 of the Dungeon
  3294 | D:5      | XOM: god gift: 2 orange potions {god gift}
  3306 | D:5      | Reached skill level 5 in Fighting
  3342 | D:5      | XOM: god gift: ivory ring {god gift}
  3573 | D:5      | Noticed a black bear
  3580 | D:5      | Killed a black bear
  3610 | D:5      | Noticed an ice beast
  3616 | D:5      | Killed an ice beast
  3617 | D:5      | Reached XP level 7. HP: 44/44 MP: 7/7
  3845 | D:5      | Reached skill level 6 in Fighting
  4124 | D:5      | XOM: stat loss: -1 Int (11/12)
  4194 | D:6      | Found Okibbe's Magic Scroll Shop.
  4226 | D:6      | Reached skill level 5 in Axes
  4228 | D:6      | Reached XP level 8. HP: 49/52 MP: 8/8
  4247 | D:6      | Bought a scroll of teleportation for 33 gold pieces
  4247 | D:6      | Bought a scroll of enchant armour for 82 gold pieces
  4385 | D:6      | XOM: cast spell 'Summon Hydra'
  4443 | D:6      | Found a basalt altar of Yredelemnul.
  4446 | D:6      | XOM: summons friendly crimson imp
  4453 | D:6      | XOM: enchant monster (good)
  4455 | D:6      | Reached skill level 7 in Fighting
  4535 | D:6      | Noticed a yak
  4535 | D:6      | Noticed a yak
  4535 | D:6      | Noticed a yak
  4540 | D:6      | Noticed a yak
  4546 | D:6      | XOM: divination: detect creatures
  4549 | D:6      | XOM: summons 2 friendly demons
  4551 | D:6      | Killed a yak
  4553 | D:6      | XOM: cast spell 'Olgreb's Toxic Radiance'
  4557 | D:6      | XOM: enchant monster (good)
  4559 | D:6      | Killed a yak
  4563 | D:6      | XOM: confuse monster(s)
  4564 | D:6      | Killed a yak
  4565 | D:6      | Reached XP level 9. HP: 38/59 MP: 9/9
  4568 | D:6      | Reached skill level 8 in Fighting
  4754 | D:6      | XOM: noise
  4913 | D:6      | XOM: noise
  5038 | D:6      | XOM: divination: magic mapping
  5466 | D:7      | XOM: summons 2 friendly demons
  5559 | D:7      | XOM: noise
  5644 | D:7      | Found a runed translucent gate.
  5647 | D:7      | Found a runed translucent gate.
  5648 | D:7      | Found a runed translucent gate.
  5650 | D:7      | Noticed juan097's ghost (novice OpBr)
  5706 | D:7      | XOM: 2-stop teleportation journey
  5761 | D:7      | Reached skill level 9 in Fighting
  6058 | D:7      | Found a broken altar of Ashenzari.
  6156 | D:7      | XOM: silly message
  6382 | D:8      | Noticed Joseph
  6577 | D:8      | Noticed a cyclops
  6587 | D:8      | Killed a cyclops
  6663 | D:8      | Reached XP level 10. HP: 54/66 MP: 10/10
  6702 | D:8      | XOM: divination: detect creatures
  6738 | D:7      | XOM: divination: magic mapping
  6953 | D:7      | XOM: summons 2 hostile shadow creatures
  7048 | D:8      | Killed Joseph
  7049 | D:8      | Reached skill level 10 in Fighting
  7127 | D:8      | Noticed a lindwurm
  7179 | D:8      | Noticed a two-headed ogre
  7189 | D:8      | XOM: noise
  7196 | D:8      | Killed a two-headed ogre
  7197 | D:8      | Reached skill level 11 in Fighting
  7208 | D:8      | Found a staircase to the Lair.
  7208 | D:8      | XOM: 1-stop teleportation journey
  7331 | D:8      | Noticed a lindwurm
  7372 | D:8      | Found a runed translucent gate.
  7373 | D:8      | Found a runed translucent gate.
  7373 | D:8      | Found an opulent altar of Gozag.
  7374 | D:8      | Found a runed translucent gate.
  7380 | D:8      | Noticed a boulder beetle
  7381 | D:8      | Noticed Ghostmaker01's ghost (novice MiFi)
  7381 | D:8      | Noticed a deep elf pyromancer
  7430 | Lair:1   | Entered Level 1 of the Lair of Beasts
  7490 | Lair:1   | Noticed a torpor snail
  7496 | Lair:1   | XOM: cast spell 'Summon Horrible Things'
  7498 | Lair:1   | Killed a torpor snail
  7499 | Lair:1   | Reached skill level 12 in Fighting
  7506 | Lair:1   | Reached skill level 13 in Fighting
  7521 | Lair:1   | Reached skill level 1 in Dodging
  7521 | Lair:1   | Reached XP level 11. HP: 51/78 MP: 11/11
  7545 | Lair:1   | Identified the +3 crystal plate armour of the Tuna {rC+
                  | Int+3 Stlth+} (Xom gifted it to you on level 1 of the Lair
                  | of Beasts)
  7545 | Lair:1   | XOM: god gift: +3 crystal plate armour of the Tuna {rC+
                  | Int+3 Stlth+}
  7613 | Lair:1   | XOM: destruction
  7616 | Lair:1   | XOM: divination: detect items
  7653 | Lair:1   | XOM: stat loss: -1 Dex (8/9)
  7738 | Lair:1   | XOM: swap monsters
  7763 | Lair:1   | Reached skill level 10 in Axes
  7798 | Lair:1   | XOM: enchant monster (bad)
  7811 | Lair:1   | Slain by a torpor snail

Illustrated notes

Levels and vault maps discovered:
D:1:      lightli_arrival_lavapool, layout_basic, minmay_liquid_box
D:2:      layout_rooms, serial_curves, eino_curves_04, eino_curves_03,
          kennysheep_generic_room_4
D:3:      layout_loops_ring, nicolae_kite_square_tiling_tiny,
          roderic_three_in_a_row
D:4:      layout_basic, minmay_temple_entry_hall, kennysheep_crisscross,
          minmay_crossroads
D:5:      layout_loops_corners
D:6:      layout_basic, nicolae_yredelemnul_corpse_copse, serial_shops,
          nicolae_shop_advertising_works [nicolae_subvault_shop_adworks],
          hellmonk_bongcloud_opening
D:7:      layout_loops_ring, mainiacjoe_overflow_alcove_1,
          gammafunk_ghost_necromancy, corexii_hall_statues_i
D:8:      layout_rooms, lair_entry_dummy, ebering_ghost_gozag,
          minmay_lindwurm_lava, uniq_gastronok, uniq_joseph
Lair:1:   layout_regular_city, enter_volcano_4

Skill      XL: |  1  2  3  4  5  6  7  8  9 10 11 |
---------------+----------------------------------+-----
Polearms       | 3 4 |  4.5
Fighting       | 4 5 6 7 9 13 | 13.6
Axes           | 2 3 5 7 9 10 | 10.2
Dodging        | 1 |  1.0
Armour         | 3 |  3.8

Action                     |  1- 3 |  4- 6 |  7- 9 | 10-12 || total
---------------------------+-------+-------+-------+-------++-------
  Melee: Spear             |   159 |    86 |       |       ||   245
         Punch             |     2 |       |     3 |     3 ||     8
         Hand axe          |       |    96 |   238 |   156 ||   490
  Throw: Dart              |       |       |       |     5 ||     5
  Evoke: Piece from Xom's  |       |       |     8 |     5 ||    13
    Use: Scroll            |       |    10 |     7 |     1 ||    18
         Potion            |       |       |     2 |     2 ||     4
   Stab: Sleeping          |     2 |       |       |       ||     2
         Distracted        |     1 |       |       |       ||     1
         Paralysed         |       |     1 |     1 |       ||     2
         Petrified         |       |       |     4 |       ||     4
 Armour: Leather armour    |    50 |    65 |       |       ||   115
         Ring mail         |       |    10 |   113 |    43 ||   166
         Crystal plate arm |       |       |       |     5 ||     5
  Dodge: Dodged            |    65 |    83 |   110 |    50 ||   308
  Block: Other             |       |    19 |    47 |    24 ||    90
         Reflection        |       |       |     6 |     4 ||    10

Table legend: (Time is in decaauts)
 A = Elapsed time spent in this place.
 B = Non-inter-level travel time spent in this place.
 C = Inter-level travel time spent in this place.
 D = Time resting spent in this place.
 E = Time spent auto-exploring this place.
 F = Levels seen in this place.
 G = Mean time per level.
                   A        B        C        D        E       F      G
               +--------+--------+--------+--------+--------+-----+--------+
         Total |   7773 |   7235 |    538 |    652 |   4985 |   9 |  863.7 |
       Dungeon |   7399 |   6861 |    538 |    595 |   4985 |   8 |  924.9 |
          Lair |    374 |    374 |      0 |     57 |      0 |   1 |  374.0 |
               +--------+--------+--------+--------+--------+-----+--------+

Top non-repeatable levels by time:
     D:7: 1470 daAuts
     D:6: 1213 daAuts
     D:1: 957 daAuts
     D:4: 949 daAuts
     D:5: 938 daAuts
     D:3: 766 daAuts
     D:2: 688 daAuts
     D:8: 415 daAuts
  Lair:1: 374 daAuts
